[Event "DVM U20 2019"]
[Site "Braunschweig"]
[Date "2019.12.28"]
[Round "4"]
[White "Hamkar, Mehran"]
[Black "Meier, Julian"]
[Result "1-0"]
[ECO "B05"]
[WhiteElo "1814"]
[BlackElo "1323"]
[Annotator "NA"]
[PlyCount "54"]
[EventDate "2019.12.27"]
[EventType "team-tourn"]
[EventRounds "7"]
[EventCountry "GER"]
[SourceTitle "playchess.com"]
[Source "ChessBase"]
[SourceQuality "1"]
[WhiteTeam "SF Augsburg"]
[BlackTeam "USV TU Dresden"]
[TimeControl "40/5400+30:1800+30"]

1. e4 Nf6 2. e5 Nd5 3. d4 d6 4. Nf3 Bg4 5. Be2 dxe5 6. Nxe5 Bxe2 7. Qxe2 e6 8. Qb5+ Nd7 9. Nxd7 Qxd7 10. Qxb7 Nb6 11. c3 c6 12. Qxd7+ Nxd7 13. Bf4 Nb6 14. Nd2 Rd8 15. O-O-O Bd6 16. Bxd6 Rxd6 17. Ne4 Rd5 18. Rhe1 O-O 19. f4 Ra5 20. Kb1 Rf5 21. g3 Rb8 22. b3 Kf8 23. Nc5 Kg8 24. Kc2 Rd8 25. c4 Ra8 {[%emt 0:04:43] normal} 26. a4 a5 {[%emt 0:01:02] normal} 27. Re5 {[%emt 0:00:33] normal} Rxe5 {[%emt 0:03:39] normal} 1-0

[Event "DVM U20 2019"]
[Site "Braunschweig"]
[Date "2019.12.28"]
[Round "4"]
[White "Gallas, Noel"]
[Black "Hoffmann, Lennard"]
[Result "1/2-1/2"]
[ECO "B22"]
[WhiteElo "1785"]
[BlackElo "2059"]
[Annotator "NA"]
[PlyCount "104"]
[EventDate "2019.12.27"]
[EventType "team-tourn"]
[EventRounds "7"]
[EventCountry "GER"]
[SourceTitle "playchess.com"]
[Source "ChessBase"]
[SourceQuality "1"]
[WhiteTeam "SF Essen-Katernberg"]
[BlackTeam "SG Aufbau Elbe Magdeburg"]
[TimeControl "40/5400+30:1800+30"]

1. e4 c5 2. c3 d5 3. exd5 Qxd5 4. d4 Nc6 5. Nf3 Bg4 6. Be2 e6 7. O-O Nf6 8. Be3 cxd4 9. cxd4 Be7 10. Nc3 Qd6 11. a3 O-O 12. h3 Bh5 13. Nb5 Qd7 14. g4 Bg6 15. Ne5 Nxe5 16. dxe5 Nd5 17. Nc3 Rfd8 18. Nxd5 exd5 19. Qd4 b6 20. b4 a5 21. Rfd1 f6 22. f4 fxe5 23. fxe5 Be4 24. Bf4 Qe6 25. Kh2 Rf8 26. Bg3 Rfc8 27. Rac1 Rxc1 28. Rxc1 axb4 29. axb4 Ra2 30. Re1 Qc6 31. Kg1 Qh6 32. Bf1 Qd2 33. Qxb6 Qxb4 34. Qxb4 Bxb4 35. Rxe4 Bc5+ 36. Kh1 Ra3 37. Re2 Rxg3 38. Bg2 Rd3 39. Re1 Kf7 40. e6+ Ke7 41. Bf1 Rg3 42. Kh2 Bd6 43. Kh1 d4 44. Rd1 Be5 45. Rd3 Kxe6 46. Rxg3 Bxg3 47. Kg2 Bh4 48. Bd3 h6 49. Kf3 Kf6 50. Kf4 Bf2 51. g5+ hxg5+ 52. Ke4 {[%emt 0:00:08] normal} Be3 {[%emt 0:07:12] normal} 1/2-1/2

[Event "DVM U20 2019"]
[Site "Braunschweig"]
[Date "2019.12.28"]
[Round "4"]
[White "Grimm, Ling Leander"]
[Black "Jurga, Jonas Vincent"]
[Result "1-0"]
[ECO "B21"]
[WhiteElo "1777"]
[BlackElo "1896"]
[Annotator "NA"]
[PlyCount "57"]
[EventDate "2019.12.27"]
[EventType "team-tourn"]
[EventRounds "7"]
[EventCountry "GER"]
[SourceTitle "playchess.com"]
[Source "ChessBase"]
[SourceQuality "1"]
[WhiteTeam "SK Bebenhausen"]
[BlackTeam "OSG Baden-Baden"]
[TimeControl "40/5400+30:1800+30"]

1. e4 c5 2. d4 cxd4 3. c3 dxc3 4. Nxc3 Nc6 5. Nf3 d6 6. Bc4 e6 7. O-O a6 8. Qe2 Be7 9. Rd1 Bd7 10. Bf4 e5 11. Be3 Nf6 12. a3 O-O 13. b4 b5 14. Bd5 Rc8 15. Rac1 Bg4 16. h3 Bxf3 17. Qxf3 Qd7 18. g4 h6 19. Qe2 Nd8 20. f4 exf4 21. Bxf4 Ne6 22. Bg3 Rfd8 23. a4 bxa4 24. Qxa6 Ng5 25. Qf1 Nxg4 26. hxg4 Qxg4 27. Rd3 Bf6 28. Qf5 Qh5 29. Kg2 {[%emt 0:03:00] normal} 1-0

[Event "DVM U20 2019"]
[Site "Braunschweig"]
[Date "2019.12.28"]
[Round "4"]
[White "Celik, Cem"]
[Black "von Angern, Cedric"]
[Result "0-1"]
[ECO "B21"]
[WhiteElo "1767"]
[BlackElo "1867"]
[Annotator "NA"]
[PlyCount "60"]
[EventDate "2019.12.27"]
[EventType "team-tourn"]
[EventRounds "7"]
[EventCountry "GER"]
[SourceTitle "playchess.com"]
[Source "ChessBase"]
[SourceQuality "1"]
[WhiteTeam "SF Essen-Katernberg"]
[BlackTeam "SG Aufbau Elbe Magdeburg"]
[TimeControl "40/5400+30:1800+30"]

1. e4 c5 2. d4 cxd4 3. c3 Nf6 4. e5 Nd5 5. cxd4 d6 6. Nf3 Nc6 7. Bc4 e6 8. Qe2 Be7 9. O-O O-O 10. Nc3 dxe5 11. dxe5 Nxc3 12. bxc3 Qa5 13. Bd2 a6 14. Bb3 Qc7 15. Qe4 Rd8 16. Bc2 g6 17. Rfe1 b6 18. Bg5 Bb7 19. Bf6 Nd4 20. Qh4 Nxf3+ 21. gxf3 Bxf6 22. exf6 Qxc3 23. Be4 Bxe4 24. fxe4 h5 25. Rac1 Qd2 26. Rcd1 Qxa2 27. Qg5 Kh7 28. Rxd8 Rxd8 29. Qe5 Qa5 30. Qxa5 bxa5 {[%emt 0:00:01] normal} 0-1

[Event "DVM U20 2019"]
[Site "Braunschweig"]
[Date "2019.12.28"]
[Round "4"]
[White "Doerp, Max Marian"]
[Black "Roos, Elias"]
[Result "0-1"]
[ECO "B38"]
[WhiteElo "1767"]
[BlackElo "1812"]
[Annotator "NA"]
[PlyCount "116"]
[EventDate "2019.12.27"]
[EventType "team-tourn"]
[EventRounds "7"]
[EventCountry "GER"]
[SourceTitle "playchess.com"]
[Source "ChessBase"]
[SourceQuality "1"]
[WhiteTeam "Lübecker SV"]
[BlackTeam "SG Trier"]
[TimeControl "40/5400+30:1800+30"]

1. Nf3 c5 2. c4 Nc6 3. d4 cxd4 4. Nxd4 g6 5. e4 Bg7 6. Be3 Nf6 7. Nc3 d6 8. Be2 Bd7 9. O-O O-O 10. Rc1 Rc8 11. b3 Qa5 12. f3 Rfe8 13. Qd2 a6 14. Rfd1 Nxd4 15. Bxd4 b5 16. cxb5 axb5 17. Qb2 Bh6 18. Rc2 Nh5 19. Nd5 Rxc2 20. Qxc2 Nf4 21. b4 Qa4 22. Qxa4 Nxe2+ 23. Kf2 bxa4 24. Kxe2 Bb5+ 25. Kf2 Bc4 26. a3 Bb3 27. Re1 Kf8 28. Nb6 Rd8 29. g3 Bd2 30. Re2 Bc1 31. Bb2 Bxb2 32. Rxb2 Ke8 33. Rd2 Rb8 34. Nd5 Rc8 35. Ke3 Rc1 36. b5 Ra1 37. b6 Bxd5 38. Rxd5 Rxa3+ 39. Kf4 Rb3 40. Ra5 Rxb6 41. Rxa4 Rb5 42. Ra3 Kd7 43. h4 Ke6 44. Re3 Kf6 45. Ra3 h5 46. Ke3 Rb7 47. Rd3 Rd7 48. Ra3 e6 49. Rd3 Ke5 50. Ra3 d5 51. Ra5 Rb7 52. exd5 exd5 53. Ra3 Rd7 54. Ra5 Rb7 55. Ra3 Rb6 56. Ra7 f6 57. Re7+ Re6 58. Rh7 f5 {[%emt 0:06:29] normal} 0-1

[Event "DVM U20 2019"]
[Site "Braunschweig"]
[Date "2019.12.28"]
[Round "4"]
[White "Kroschel, Anton"]
[Black "Schäfer, Melvin"]
[Result "1-0"]
[ECO "A05"]
[WhiteElo "1756"]
[BlackElo "1392"]
[Annotator "NA"]
[PlyCount "39"]
[EventDate "2019.12.27"]
[EventType "team-tourn"]
[EventRounds "7"]
[EventCountry "GER"]
[SourceTitle "playchess.com"]
[Source "ChessBase"]
[SourceQuality "1"]
[WhiteTeam "Lübecker SV"]
[BlackTeam "SG Trier"]
[TimeControl "40/5400+30:1800+30"]

1. Nf3 Nf6 2. c4 d6 3. d4 Nbd7 4. Nc3 g6 5. Bd2 Bg7 6. g3 O-O 7. Bg2 e5 8. dxe5 dxe5 9. Qc2 Ne8 10. O-O f5 11. Ng5 Nb6 12. c5 h6 13. Qb3+ Kh8 14. Nf7+ Rxf7 15. Qxf7 Nd6 16. cxd6 Qxd6 17. Nb5 Qxd2 18. Nxc7 Rb8 19. Rad1 Qg5 20. Ne8 {[%emt 0:00:17] normal} 1-0

[Event "DVM U20 2019"]
[Site "Braunschweig"]
[Date "2019.12.28"]
[Round "4"]
[White "Grining, Maria"]
[Black "Fischer, Patrick"]
[Result "1/2-1/2"]
[ECO "A40"]
[WhiteElo "1744"]
[BlackElo "1604"]
[Annotator "NA"]
[PlyCount "102"]
[EventDate "2019.12.27"]
[EventType "team-tourn"]
[EventRounds "7"]
[EventCountry "GER"]
[SourceTitle "playchess.com"]
[Source "ChessBase"]
[SourceQuality "1"]
[WhiteTeam "Karlsruher SF"]
[BlackTeam "SF HN-Biberach"]
[TimeControl "40/5400+30:1800+30"]

1. d4 c6 2. Nf3 d5 3. e3 Bg4 4. c4 e6 5. Be2 dxc4 6. Bxc4 Nf6 7. Nc3 Nbd7 8. h3 Bxf3 9. Qxf3 Nb6 10. Bb3 g6 11. e4 Qxd4 12. Be3 Qd8 13. Bg5 Be7 14. Bh6 Nbd7 15. Rd1 Qc7 16. Bf4 Qa5 17. O-O O-O 18. Bd6 Bxd6 19. Rxd6 Qe5 20. Qd3 Nc5 21. f4 Qh5 22. Qd4 Nxb3 23. Qxf6 Qc5+ 24. Kh1 Qxd6 25. axb3 Qd8 26. Qe5 Qe7 27. f5 Qg5 28. Rf4 exf5 29. exf5 Rfe8 30. Qd4 Re1+ 31. Kh2 Rd8 32. Qf2 Qe7 33. fxg6 hxg6 34. Rxf7 Qxf7 35. Qxe1 Qxb3 36. Qe7 Rf8 37. Ne4 Qf7 38. Qb4 Qf4+ 39. g3 Qf7 40. Qd4 Qe6 41. Qd3 Re8 42. Nc3 Qf5 43. Qc4+ Kh7 44. Qh4+ Kg7 45. Qd4+ Qe5 46. Qxa7 Qe3 47. Qxb7+ Re7 48. Qxc6 Rf7 49. h4 Rf2+ 50. Kh3 Rxb2 51. Ne4 {[%emt 0:01:58] normal} Qb6 {[%emt 0:03:17] normal} 1/2-1/2

[Event "DVM U20 2019"]
[Site "Braunschweig"]
[Date "2019.12.28"]
[Round "4"]
[White "Eurich, Alexander"]
[Black "Wegmer, Leon"]
[Result "1-0"]
[ECO "B13"]
[WhiteElo "1741"]
[BlackElo "1939"]
[Annotator "NA"]
[PlyCount "72"]
[EventDate "2019.12.27"]
[EventType "team-tourn"]
[EventRounds "7"]
[EventCountry "GER"]
[SourceTitle "playchess.com"]
[Source "ChessBase"]
[SourceQuality "1"]
[WhiteTeam "SF HN-Biberach"]
[BlackTeam "Karlsruher SF"]
[TimeControl "40/5400+30:1800+30"]

1. e4 c6 2. d4 d5 3. exd5 cxd5 4. Nf3 Nc6 5. c3 Nf6 6. Bd3 Bg4 7. Bf4 e6 8. Nbd2 Bd6 9. Bxd6 Qxd6 10. Qc2 O-O 11. O-O a6 12. Rae1 Rac8 13. a3 b5 14. Qb1 Bh5 15. Ne5 Bg6 16. Ndf3 Bxd3 17. Qxd3 Na5 18. Nd2 Nc4 19. Qc2 Nd7 20. f4 Ndb6 21. Nd3 Nxd2 22. Qxd2 Nc4 23. Qc1 f6 24. Re2 a5 25. Rfe1 Rfe8 26. g3 Re7 27. Nc5 e5 28. b3 Nb6 29. fxe5 fxe5 30. Rxe5 Rxe5 31. Rxe5 Rxc5 32. Re8+ Kf7 33. dxc5 Qxc5+ 34. Qe3 Qxe3+ 35. Rxe3 a4 {[%emt 0:00:05] normal} 36. bxa4 {[%emt 0:01:05] normal} bxa4 {[%emt 0:00:26] normal} 1-0

[Event "DVM U20 2019"]
[Site "Braunschweig"]
[Date "2019.12.28"]
[Round "4"]
[White "Habersetzer, Elyse"]
[Black "Simrock, Manuel"]
[Result "1/2-1/2"]
[ECO "D03"]
[WhiteElo "1650"]
[BlackElo "1211"]
[Annotator "NA"]
[PlyCount "36"]
[EventDate "2019.12.27"]
[EventType "team-tourn"]
[EventRounds "7"]
[EventCountry "GER"]
[SourceTitle "playchess.com"]
[Source "ChessBase"]
[SourceQuality "1"]
[WhiteTeam "SK Turm Kleve"]
[BlackTeam "Sges Bensheim"]
[TimeControl "40/5400+30:1800+30"]

1. d4 d5 2. Nf3 Nf6 3. Bg5 Bf5 4. e3 e6 5. Be2 c5 6. c3 Nbd7 7. O-O h6 8. Bh4 Be7 9. Nbd2 O-O 10. Bg3 Rc8 11. Ne5 Nxe5 12. Bxe5 Ne4 13. Nxe4 Bxe4 14. Bg4 Bd6 15. Bxd6 Qxd6 16. Be2 Rfd8 17. Qa4 a6 18. Rac1 {[%emt 0:07:45] normal} Qc6 {[%emt 0:14:11] normal} 1/2-1/2

[Event "DVM U20 2019"]
[Site "Braunschweig"]
[Date "2019.12.28"]
[Round "4"]
[White "Schubert, Bernhard"]
[Black "Weisheit, Erik"]
[Result "0-1"]
[ECO "A52"]
[WhiteElo "1586"]
[BlackElo "1944"]
[Annotator "NA"]
[PlyCount "52"]
[EventDate "2019.12.27"]
[EventType "team-tourn"]
[EventRounds "7"]
[EventCountry "GER"]
[SourceTitle "playchess.com"]
[Source "ChessBase"]
[SourceQuality "1"]
[WhiteTeam "USV TU Dresden"]
[BlackTeam "SF Augsburg"]
[TimeControl "40/5400+30:1800+30"]

1. d4 Nf6 2. c4 e5 3. dxe5 Ng4 4. Nf3 Bc5 5. e3 Nc6 6. Nc3 O-O 7. Be2 Re8 8. O-O a5 9. Nd4 Ngxe5 10. Nxc6 Nxc6 11. b3 Ne5 12. Bb2 Ra6 13. Ne4 Bf8 14. Ng3 d5 15. Qxd5 Rd6 16. Qxa5 b6 17. Qc3 Qh4 18. Nh5 Rh6 19. Qd4 Rxh5 20. Bxh5 Qxh5 21. Qd1 Qh6 22. Bxe5 Rxe5 23. Qf3 Rh5 24. Qf4 Qg6 25. Qg3 Rg5 26. Qf3 Bg4 {[%emt 0:00:29] normal} 0-1

[Event "DVM U20 2019"]
[Site "Braunschweig"]
[Date "2019.12.28"]
[Round "4"]
[White "Spaeth, Rene"]
[Black "Kokschenev, Michael"]
[Result "0-1"]
[ECO "B12"]
[WhiteElo "1584"]
[BlackElo "1552"]
[Annotator "NA"]
[PlyCount "132"]
[EventDate "2019.12.27"]
[EventType "team-tourn"]
[EventRounds "7"]
[EventCountry "GER"]
[SourceTitle "playchess.com"]
[Source "ChessBase"]
[SourceQuality "1"]
[WhiteTeam "SF HN-Biberach"]
[BlackTeam "Karlsruher SF"]
[TimeControl "40/5400+30:1800+30"]

1. e4 c6 2. d4 d5 3. e5 Bf5 4. Ne2 e6 5. Ng3 Bg6 6. h4 h6 7. h5 Bh7 8. Bd3 Bxd3 9. cxd3 Bb4+ 10. Bd2 Bxd2+ 11. Nxd2 Ne7 12. Qb3 Qb6 13. Qxb6 axb6 14. a3 Nd7 15. f4 c5 16. Nf3 Nc6 17. Ne2 Ke7 18. Rc1 Rhc8 19. Kf2 Na5 20. Nd2 b5 21. Ke3 c4 22. Nc3 cxd3 23. Nxb5 Nc4+ 24. Nxc4 dxc4 25. Nd6 Rc7 26. Nxc4 Rac8 27. Kxd3 b5 28. b3 bxc4+ 29. bxc4 Nb6 30. c5 Nd5 31. Ke4 Ra8 32. Rh3 f5+ 33. exf6+ Nxf6+ 34. Kd3 Rxa3+ 35. Kc4 Rxh3 36. gxh3 Nxh5 37. Rf1 Ng3 38. Re1 Kd7 39. Re5 g6 40. d5 exd5+ 41. Rxd5+ Ke7 42. Re5+ Kf6 43. Kb5 Nf5 44. Kb6 Rg7 45. c6 Ne7 46. c7 Rg8 47. Rc5 Nc8+ 48. Kb7 Ke6 49. Rc1 Kf6 50. Rd1 Ke7 51. Re1+ Kd7 52. Rd1+ Nd6+ 53. Kb6 Rc8 54. Rc1 Ne8 55. Rd1+ Ke7 56. Rc1 Rxc7 57. Re1+ Kd7 58. Rxe8 Kxe8 59. Kxc7 Ke7 60. Kc6 Ke6 61. Kc5 Kf5 62. Kd5 Kxf4 63. Ke6 h5 64. h4 Kg4 65. Kf6 Kxh4 66. Kxg6 Kg4 {[%emt 0:00:02] normal} 0-1

[Event "DVM U20 2019"]
[Site "Braunschweig"]
[Date "2019.12.28"]
[Round "4"]
[White "Peukert, Marc"]
[Black "Klenk, Sofie"]
[Result "1/2-1/2"]
[ECO "A06"]
[WhiteElo "1518"]
[BlackElo "1812"]
[Annotator "NA"]
[PlyCount "47"]
[EventDate "2019.12.27"]
[EventType "team-tourn"]
[EventRounds "7"]
[EventCountry "GER"]
[SourceTitle "playchess.com"]
[Source "ChessBase"]
[SourceQuality "1"]
[WhiteTeam "USV TU Dresden"]
[BlackTeam "SF Augsburg"]
[TimeControl "40/5400+30:1800+30"]

1. Nf3 d5 2. c4 c6 3. Nc3 Nf6 4. d3 Bf5 5. g3 Nbd7 6. Bg2 e5 7. Bg5 d4 8. Nb1 h6 9. Bxf6 Qxf6 10. O-O Bd6 11. Nbd2 g5 12. Ne4 Bxe4 13. dxe4 Nc5 14. Qc2 Qg6 15. b4 Ne6 16. c5 Bc7 17. Qd3 O-O 18. Rac1 Qf6 19. b5 cxb5 20. Qxb5 Nd8 21. Qd7 Qc6 22. Qf5 Qe6 23. Bh3 Re8 24. Kg2 {[%emt 0:01:43] normal} 1/2-1/2

[Event "DVM U20 2019"]
[Site "Braunschweig"]
[Date "2019.12.28"]
[Round "4"]
[White "Sequeira, Titus"]
[Black "Mundt, Alexandra"]
[Result "0-1"]
[ECO "C42"]
[WhiteElo "1472"]
[BlackElo "1775"]
[Annotator "NA"]
[PlyCount "64"]
[EventDate "2019.12.27"]
[EventType "team-tourn"]
[EventRounds "7"]
[EventCountry "GER"]
[SourceTitle "playchess.com"]
[Source "ChessBase"]
[SourceQuality "1"]
[WhiteTeam "SG Trier"]
[BlackTeam "Lübecker SV"]
[TimeControl "40/5400+30:1800+30"]

1. e4 e5 2. Nf3 Nf6 3. Nc3 Bb4 4. Be2 d6 5. O-O Bxc3 6. dxc3 Nxe4 7. Re1 Nf6 8. Bg5 O-O 9. Bd3 Bg4 10. h3 Bh5 11. g4 Bg6 12. Nh4 Bxd3 13. Qxd3 h6 14. Bd2 Nbd7 15. Kh2 Nc5 16. Qf5 Nfe4 17. Nf3 g6 18. Qxe4 Nxe4 19. Rxe4 Qf6 20. Kg3 Rfe8 21. Bxh6 d5 22. Bg5 Qb6 23. Rb4 Qc6 24. Re1 f6 25. Be3 a5 26. Rb3 f5 27. gxf5 gxf5 28. Kh2 d4 29. Rg1+ Kh8 {[%emt 0:05:31] normal} 30. cxd4 {[%emt 0:03:11] normal} Qxf3 {[%emt 0:01:37] normal} 31. dxe5 Qe4 {[%emt 0:00:40] normal} 32. f4 Rg8 {[%emt 0:00:19] normal} 0-1

[Event "DVM U20 2019"]
[Site "Braunschweig"]
[Date "2019.12.28"]
[Round "4"]
[White "Meister, Konstantin"]
[Black "van Haaren, Laurens Jan"]
[Result "0-1"]
[ECO "B06"]
[WhiteElo "1256"]
[BlackElo "1482"]
[Annotator "NA"]
[PlyCount "44"]
[EventDate "2019.12.27"]
[EventType "team-tourn"]
[EventRounds "7"]
[EventCountry "GER"]
[SourceTitle "playchess.com"]
[Source "ChessBase"]
[SourceQuality "1"]
[WhiteTeam "Sges Bensheim"]
[BlackTeam "SK Turm Kleve"]
[TimeControl "40/5400+30:1800+30"]

1. e4 g6 2. Nc3 Bg7 3. Bc4 e6 4. d4 d6 5. Nf3 Ne7 6. O-O b6 7. d5 e5 8. Bb5+ Bd7 9. Qe2 O-O 10. Bxd7 Nxd7 11. Bg5 h6 12. Bh4 a6 13. Qe3 Qe8 14. Rad1 f5 15. Bxe7 Qxe7 16. g3 f4 17. Qd2 g5 18. g4 Nf6 19. h3 h5 20. Nxg5 hxg4 21. Qd3 Nh7 22. Ne6 f3 {[%emt 0:00:48] normal} 0-1

[Event "DVM U20 2019"]
[Site "Braunschweig"]
[Date "2019.12.29"]
[Round "5"]
[White "Kololli, Martin"]
[Black "Engel, Luis"]
[Result "0-1"]
[ECO "B22"]
[WhiteElo "2343"]
[BlackElo "2531"]
[Annotator "ChessBase"]
[PlyCount "62"]
[EventDate "2019.12.27"]
[EventType "team-tourn"]
[EventRounds "7"]
[EventCountry "GER"]
[SourceTitle "playchess.com"]
[Source "ChessBase"]
[SourceQuality "1"]
[WhiteTeam "Lübecker SV"]
[BlackTeam "Hamburger SK"]
[TimeControl "40/5400+30:1800+30"]

1. e4 c5 2. c3 Nf6 3. e5 Nd5 4. d4 cxd4 5. Nf3 Nc6 6. cxd4 d6 7. Bc4 dxe5 8. Nxe5 e6 9. O-O Be7 10. Nf3 O-O 11. Nc3 Nxc3 12. bxc3 b6 13. Re1 Bb7 14. Bd3 Rc8 15. Re3 g6 16. h4 Bf6 17. h5 Re8 18. Ba3 e5 19. hxg6 hxg6 20. Be4 exd4 21. cxd4 Nxd4 22. Bxb7 Rxe3 23. fxe3 Nxf3+ 24. Bxf3 Bxa1 25. Qxa1 Qd3 26. Bb2 Qxe3+ 27. Kh2 Rc2 {[%emt 0:05:38] normal} 28. Kh3 {[%emt 0:03:54] normal} Qh6+ 29. Kg3 {[%emt 0:00:09] normal} g5 30. Bg4 {[%emt 0:01:01] normal} Qh4+ 31. Kf3 Qf2+ {[%emt 0:00:17] normal} 0-1

[Event "DVM U20 2019"]
[Site "Braunschweig"]
[Date "2019.12.29"]
[Round "5"]
[White "Goldbeck, Lars"]
[Black "Roseneck, Jonas"]
[Result "0-1"]
[ECO "A50"]
[WhiteElo "2312"]
[BlackElo "2417"]
[Annotator "ChessBase"]
[PlyCount "94"]
[EventDate "2019.12.27"]
[EventType "team-tourn"]
[EventRounds "7"]
[EventCountry "GER"]
[SourceTitle "playchess.com"]
[Source "ChessBase"]
[SourceQuality "1"]
[WhiteTeam "SC Bavaria Regensburg"]
[BlackTeam "SG Aufbau Elbe Magdeburg"]
[TimeControl "40/5400+30:1800+30"]

1. d4 Nf6 2. c4 g6 3. f3 Nc6 4. d5 Ne5 5. e4 d6 6. Nc3 Bg7 7. f4 Ned7 8. Nh3 O-O 9. Be2 Nb6 10. Nf2 e6 11. O-O exd5 12. exd5 Re8 13. Bd3 c6 14. Qf3 Nfd7 15. Nce4 Qc7 16. Bd2 cxd5 17. cxd5 Nxd5 18. Rac1 Qb6 19. Bc4 N7f6 20. Kh1 Bd7 21. Ng5 Bc6 22. f5 Re7 23. fxg6 hxg6 24. Ng4 Nxg4 25. Qxg4 Qd4 26. Qxd4 Bxd4 27. b4 Be3 28. Bxe3 Nxe3 29. Bxf7+ Kg7 30. Rf2 Rf8 31. Re1 Re5 32. h4 Ng4 33. Rff1 Rxe1 34. Rxe1 Rxf7 35. Nxf7 Kxf7 36. Kg1 Kf6 37. g3 d5 38. Rf1+ Ke5 39. Rf4 Nf6 40. Kf2 Ne4+ 41. Kf3 d4 42. Rf8 d3 43. Rd8 d2 44. Ke2 Bb5+ 45. Ke3 Ba4 46. Ke2 d1=Q+ 47. Rxd1 Nc3+ {[%emt 0:00:27] normal} 0-1

[Event "DVM U20 2019"]
[Site "Braunschweig"]
[Date "2019.12.29"]
[Round "5"]
[White "Kueppers, Timo"]
[Black "Yankelevich, Michael"]
[Result "1/2-1/2"]
[ECO "A37"]
[WhiteElo "2296"]
[BlackElo "2064"]
[Annotator "ChessBase"]
[PlyCount "138"]
[EventDate "2019.12.27"]
[EventType "team-tourn"]
[EventRounds "7"]
[EventCountry "GER"]
[SourceTitle "playchess.com"]
[Source "ChessBase"]
[SourceQuality "1"]
[WhiteTeam "SF Essen-Katernberg"]
[BlackTeam "SG Trier"]
[TimeControl "40/5400+30:1800+30"]

1. c4 c5 2. g3 Nc6 3. Bg2 g6 4. Nc3 Bg7 5. Nf3 e5 6. O-O d6 7. a3 a5 8. Ne1 Be6 9. d3 Nge7 10. Nc2 O-O 11. Ne3 f5 12. Ned5 h6 13. Bd2 Bf7 14. Rb1 Nxd5 15. Nxd5 Ne7 16. Nxe7+ Qxe7 17. b4 axb4 18. axb4 e4 19. dxe4 fxe4 20. Bf4 Rad8 21. Qc2 g5 22. Be3 cxb4 23. Bxe4 Rc8 24. Rxb4 d5 25. Bh7+ Kh8 26. c5 b6 27. Bf5 Be6 28. Bxe6 Qxe6 29. Rc1 bxc5 30. Bxc5 Rf7 31. Rb6 Qe5 32. Qb1 Rfc7 33. Rb8 Qxe2 34. Re1 Qxe1+ 35. Qxe1 Rxb8 36. Bd6 Ra8 37. Be5 Rd7 38. Bxg7+ Rxg7 39. Qe6 Kh7 40. Qf5+ Kh8 41. Qxd5 Rag8 42. Qe5 Kh7 43. Kg2 Rf7 44. Qe4+ Rg6 45. h4 gxh4 46. Qxh4 Rgf6 47. Qe4+ Kg7 48. Qe5 Kh7 49. Qe4+ Kg7 50. f4 Rf5 51. Kh3 R7f6 52. Kg4 h5+ 53. Kh4 Rf7 54. Qd4+ Kh7 55. Kh3 R7f6 56. Qe4 Kg7 57. Qe7+ Kg8 58. Kg2 Kh8 59. Qb7 Kg8 60. Qa7 Kh8 61. Qe7 Kg8 62. Qb7 Kh8 63. Kf2 Rf7 64. Qc6 Kg7 65. Qc3+ Kh7 66. Qd3 Kg7 67. Qd8 R7f6 68. Ke3 {[%emt 0:00:00] normal} h4 69. Qe7+ Kg6 1/2-1/2

[Event "DVM U20 2019"]
[Site "Braunschweig"]
[Date "2019.12.29"]
[Round "5"]
[White "Sieber, Fiona"]
[Black "Schneider, Jana"]
[Result "1/2-1/2"]
[ECO "C96"]
[WhiteElo "2277"]
[BlackElo "2210"]
[Annotator "ChessBase"]
[PlyCount "60"]
[EventDate "2019.12.27"]
[EventType "team-tourn"]
[EventRounds "7"]
[EventCountry "GER"]
[SourceTitle "playchess.com"]
[Source "ChessBase"]
[SourceQuality "1"]
[WhiteTeam "SG Aufbau Elbe Magdeburg"]
[BlackTeam "SC Bavaria Regensburg"]
[TimeControl "40/5400+30:1800+30"]

1. e4 e5 2. Nf3 Nc6 3. Bb5 a6 4. Ba4 Nf6 5. O-O Be7 6. Re1 b5 7. Bb3 d6 8. c3 O-O 9. h3 Na5 10. Bc2 c5 11. d4 Nd7 12. Nbd2 cxd4 13. cxd4 exd4 14. Nxd4 Bf6 15. Nf1 Ne5 16. b3 Nec6 17. Bb2 Qb6 18. Nxc6 Bxb2 19. Ne7+ Kh8 20. Rb1 Bd4 21. Ne3 Be6 22. Qd3 Rfe8 23. N7d5 Bxd5 24. Nxd5 Qa7 25. Kh1 g6 26. Rbd1 Nc6 27. f4 Bg7 28. b4 a5 29. bxa5 Qxa5 30. Bb3 Nd4 {[%emt 0:00:59] normal} 1/2-1/2

[Event "DVM U20 2019"]
[Site "Braunschweig"]
[Date "2019.12.29"]
[Round "5"]
[White "Oberhofer, Cedric"]
[Black "Biastoch, Bennet"]
[Result "0-1"]
[ECO "B93"]
[WhiteElo "2260"]
[BlackElo "2242"]
[Annotator "ChessBase"]
[PlyCount "61"]
[EventDate "2019.12.27"]
[EventType "team-tourn"]
[EventRounds "7"]
[EventCountry "GER"]
[SourceTitle "playchess.com"]
[Source "ChessBase"]
[SourceQuality "1"]
[WhiteTeam "SC Bavaria Regensburg"]
[BlackTeam "SG Aufbau Elbe Magdeburg"]
[TimeControl "40/5400+30:1800+30"]

1. e4 c5 2. Nf3 d6 3. d4 cxd4 4. Nxd4 Nf6 5. Nc3 a6 6. f4 e5 7. Nf3 Nbd7 8. a4 Be7 9. Bc4 O-O 10. O-O exf4 11. Kh1 Nc5 12. Qe2 Be6 13. Bxe6 Nxe6 14. Nd5 Nc5 15. Bxf4 Re8 16. Nxe7+ Qxe7 17. e5 Ncd7 18. Rae1 dxe5 19. Nxe5 Nxe5 20. Qxe5 Qb4 21. c3 Qxa4 22. Qf5 Rxe1 23. Rxe1 Re8 24. Rxe8+ Nxe8 25. h3 Qa1+ 26. Kh2 Qxb2 27. Qe5 Qb5 28. Qe7 h6 29. Bc1 Nf6 30. Ba3 Qd7 31. Qe5 {[%emt 0:01:02] normal} 0-1

[Event "DVM U20 2019"]
[Site "Braunschweig"]
[Date "2019.12.29"]
[Round "5"]
[White "Vuckovic, Zarko"]
[Black "Stelmaszyk, Nico"]
[Result "1/2-1/2"]
[ECO "C55"]
[WhiteElo "2258"]
[BlackElo "2193"]
[Annotator "ChessBase"]
[PlyCount "153"]
[EventDate "2019.12.27"]
[EventType "team-tourn"]
[EventRounds "7"]
[EventCountry "GER"]
[SourceTitle "playchess.com"]
[Source "ChessBase"]
[SourceQuality "1"]
[WhiteTeam "SF Augsburg"]
[BlackTeam "SK Lehrte 1919"]
[TimeControl "40/5400+30:1800+30"]

1. e4 e5 2. Nf3 Nc6 3. Bc4 Nf6 4. d4 exd4 5. e5 d5 6. Bb5 Ne4 7. Nxd4 Bc5 8. Be3 Bxd4 9. Qxd4 O-O 10. Bxc6 bxc6 11. Nc3 Ng5 12. O-O-O Ne6 13. Qa4 Bd7 14. Qa3 f6 15. exf6 Qxf6 16. Ne2 Be8 17. Nd4 Nxd4 18. Bxd4 Qg5+ 19. Qe3 Qxe3+ 20. Bxe3 Bh5 21. f3 Rfe8 22. Rhe1 a6 23. Kd2 Re7 24. Bd4 Rae8 25. Rxe7 Rxe7 26. a4 Kf7 27. Ra1 Ke8 28. Ra3 Kd7 29. Rc3 Be8 30. Rc5 Kc8 31. Rc3 Kd7 32. h3 g6 33. Bc5 Rf7 34. Ke3 Kc8 35. Rb3 Bd7 36. Rb4 Bf5 37. Kd2 Rd7 38. Ba7 Rd8 39. Rf4 Kd7 40. g4 Be6 41. Bc5 Rb8 42. Kc3 Re8 43. Kd4 Bg8 44. Rf8 Rxf8 45. Bxf8 Ke6 46. Bh6 Bf7 47. Bf4 Be8 48. Bxc7 c5+ 49. Kxc5 Bxa4 50. c3 Bd1 51. f4 Be2 52. g5 Bc4 53. Be5 Bd3 54. Kc6 Bb5+ 55. Kc7 Bf1 56. h4 Bc4 57. Kd8 Bb5 58. Bc7 Kf5 59. Ke7 Kg4 60. Kf6 Kxh4 61. b3 Be2 62. Ke5 Bf3 63. c4 dxc4 64. bxc4 Kh5 65. Ba5 h6 66. gxh6 Kxh6 67. c5 Kh5 68. Bd2 Kg4 69. Kd6 a5 70. c6 a4 71. c7 Bb7 72. Ke5 a3 73. Bc3 Bc8 74. Ke4 g5 75. fxg5 Kxg5 76. Kd4 Kh4 77. Ke4 {normal} 1/2-1/2